Celery, chaotic female sylph Rogue ---------- $ * $* * |........| * $ $ $ * * |........| * * * ##-.......*| * # |........| ? * # -.-------- / $ ( # ### $ * # # $ # ### ------ # # |....| * # ######## |.....## * # # % |....| # ########### * |.....######-----# #-----|- - -- |....| # #|[..-## ##-.....-#E#I .S....| |..<.| ###|_^.|## ##|.....| ) | * *$ ------ * #..*..#####|.....| * * $$ #----- ####-.....| $$ ####%#%# ------- * * $ Celery the Cutpurse Experience level: 3 Strength: 14 Dexterity: 15 Constitution: 16 Intelligence: 10 Wisdom: 9 Charisma: 12 Health: 0(20) Energy: 16(16) Def: 1 Gold: 166 Moves: 1351 Dungeon seed: KVX3WbP9-WbuWBEu Game ID: Celery_1470927569 Your Inventory: Coins $ - 166 gold pieces Weapons a - an uncursed +0 short sword (alternate weapon; not wielded) b - an uncursed +0 dagger named d (weapon in hand) k - 13 uncursed +0 daggers (in quiver) Armor e - an uncursed +1 leather armor n - an uncursed +0 pair of jumping boots Comestibles v - an uncursed fortune cookie Scrolls p - a cursed scroll of destroy armor q - an uncursed scroll of earth s - an uncursed scroll of blank paper C - a cursed scroll of teleportation F - an uncursed scroll of destroy armor Spellbooks t - an uncursed spellbook of healing Potions c - an uncursed potion of sickness i - an uncursed potion of gain energy j - an uncursed potion of healing Rings D - an uncursed ring of searching E - an uncursed +1 ring of protection (on left hand) G - an uncursed ring of fire resistance Wands h - an uncursed wand of opening (0:3) y - an uncursed wand of enlightenment (0:8) Tools d - an uncursed lock pick f - an uncursed sack g - an uncursed blindfold w - an uncursed tin whistle x - an uncursed oil lamp (0:1491) Spells and supernatural/magical abilities: Name Level Category Fail Memory W - pray for help -- divine ? -- Your skills at the end: Miscellaneous Skills wands [Basic] Weapon Skills dagger [Basic] short sword [Basic] Spellcasting Skills healing spells [Basic] Final Attributes: You were piously aligned. You saw invisible. You were stealthy. You were protected. You were protected from shape changers. You are dead. Vanquished creatures: a shrieker 2 gas spores a large kobold 2 geckos 2 giant rats a red mold 8 garter snakes 5 jackals a fox a kobold 3 newts a goblin 2 sewer rats 2 grid bugs 2 lichens 34 creatures vanquished. Voluntary challenges: You followed a strict vegan diet. You did not wear any clothing or armor. You used a wielded weapon 42 times, starting on turn 50. You did not apply a unicorn horn. You read items or engraved 1 time, starting on turn 1181. You never genocided any monsters. You never polymorphed an object. You never changed form. You used no wishes. You never split a pudding. You never wrote Elbereth's name. You never violated your personal moral code. Dungeon overview: The Dungeons of Doom: levels 1 to 3 Level 1 some fountains a long staircase Level 2 a general store Level 3 <- You were here an altar to Mog History has recorded: On T:1 you entered the Dungeons of Doom to retrieve the Amulet of Yendor! On T:290 you advanced to experience level 2. On T:435 you reached level 2 of The Dungeons of Doom. On T:1008 you advanced to experience level 3. On T:1150 you reached level 3 of The Dungeons of Doom. Score breakdown: Gold: 166 ( 16 points) Experience: 3 levels ( 200 points) Exploration: 3 levels ( 60 points) Discoveries: 6 items ( 300 points) Variety of kills: 15 monsters ( 750 points) Major goal: (nothing yet) ( 0 points) Survival: died (score multiplied by 3) Total score: 3978 Latest messages: You stab the garter snake. You kill the garter snake! You stop exploring. You kill the garter snake! You see here a garter snake corpse. This door is locked. You succeed in picking the lock. The door opens. $ - 7 gold pieces. This door is locked. That door is closed. You succeed in picking the lock. The door opens. This door is locked. You succeed in picking the lock. The door opens. (2x) You stab the gas spore. You kill the gas spore! You kill it! You are caught in the gas spore's explosion! Final status: Goodbye Celery the Rogue, killed by a gas spore's explosion... You died in The Dungeons of Doom on dungeon level 3 with 3978 points, and 166 pieces of gold, after 1351 moves. You were level 3 with a maximum of 20 hit points when you died.